Map: Ascension to Aiur LE

Players

Juxtapose - Winner!

  • Race: Protoss Protoss
  • League: Gold
  • Spawn Location: 11:00

Dutch

  • Race: Zerg Zerg
  • League: Gold
  • Spawn Location: 5:00

VOD

https://youtu.be/8eL7vGc6JIs

Description

I quite enjoyed this match as my opponent and I were of similar skill, and MMR.

Overall, I was pleased how I played, but a few things I still need to tighten up on:

- Better use of Force Field.
- My economy wasn't bad, but still needs improving. I should have taken my third sooner.
- I should not have focused on that Queen with my harassing Oracle.
- I forgot to research Thermal Lance and Blink!

Still though, I played well.

Time

  • Played on: Aug. 28, 2017, 7:28 p.m.
  • Length: 14:13
Show
View Real Time Build Order
Export as new Build Order

Juxtapose Protoss - Winner!

Build Orders: Oracle Opening 

Get SALT Encoding   

  12  0:01  Probe (Chrono Boost)  
  13  0:12  Probe (Chrono Boost)  
  14  0:21  Pylon  
  14  0:22  Probe (Chrono Boost)  
  15  0:39  Probe (Chrono Boost)  
  15  0:40  Gateway  
  17  0:50  Probe (Chrono Boost)  
  17  0:54  Assimilator  
  17  1:00  Probe (Chrono Boost)  
  18  1:11  Probe (Chrono Boost)  
  19  1:15  Pylon  
  19  1:21  Assimilator, Probe (Chrono Boost)  
  20  1:32  Probe (Chrono Boost)  
  21  1:33  Cybernetics Core  
  21  1:36  Zealot  
  23  1:42  Probe (Chrono Boost)  
  24  1:52  Pylon  
  24  1:53  Probe (Chrono Boost)  
  25  1:58  Pylon  
  25  2:10  Warp Gate (Chrono Boost)  
  25  2:20  Stargate  
  25  2:36  Gateway  
  25  2:54  Nexus  
  25  2:58  Mothership Core  
  27  3:06  Oracle (Chrono Boost)  
  30  3:19  Probe  
  31  3:38  Pylon  
  31  3:41  Pylon  
  31  3:45  Pylon  
  31  3:56  Gateway  
  31  3:58  Robotics Facility  
  31  4:04  Probe  
  31  4:05  Probe  
  33  4:14  Probe  
  34  4:17  Probe  
  35  4:43  Zealot x2  
  39  4:47  Observer  
  40  4:55  Gateway  
  40  4:57  Forge  
  40  5:01  Twilight Council  
  40  5:03  Pylon  
  40  5:04  Probe  
  40  5:06  Pylon  
  41  5:08  Probe  
  42  5:14  Probe  
  42  5:20  Probe  
  44  5:28  Sentry x2  
  46  5:29  Probe, Sentry  
  46  5:32  Probe  
  46  5:35  Charge (Chrono Boost)  
  52  5:36  Protoss Ground Weapons Level 1  
  52  5:39  Probe  
  53  5:43  Warp Prism  
  53  5:49  Probe  
  56  5:50  Probe  
  56  5:55  Assimilator  
  57  5:59  Assimilator  
  57  6:00  Probe  
  57  6:01  Probe  
  59  6:08  Stalker x2  
  63  6:29  Void Ray (Chrono Boost)  
  63  6:31  Probe  
  68  6:40  Probe  
  68  6:43  Probe  
  70  6:52  Probe  
  70  6:53  Stalker x2  
  75  6:54  Stalker  
  75  6:55  Stalker  
  79  7:08  Void Ray (Chrono Boost)  
  83  7:23  Stalker x2  
  83  7:24  Stalker  
  89  7:33  Protoss Ground Armor Level 1 (Chrono Boost)  
  89  7:40  Void Ray  
  93  7:52  Zealot  
  93  7:53  Zealot x2  
  93  7:54  Zealot  
  93  8:17  Void Ray  
  97  8:30  Immortal  
  101  8:54  Void Ray  
  71  9:14  Immortal  
  71  9:15  Zealot x2  
  71  9:16  Zealot x2  
  83  9:20  Robotics Bay  
  83  9:26  Pylon  
  83  9:32  Probe, Void Ray  
  83  9:33  Pylon  
  83  9:35  Mothership Core  
  90  9:41  Zealot  
  90  9:42  Zealot x3  
  98  9:53  Immortal  
  102  10:12  Zealot  
  102  10:13  Zealot x3  
  100  10:19  Mothership Core  
  94  10:31  Colossus (Chrono Boost)  
  100  10:47  Nexus  
  100  10:49  Void Ray  
  100  10:50  Pylon  
  100  10:53  Pylon  
  100  10:56  Zealot, Pylon  
  100  10:57  Zealot x3  
  108  11:02  Protoss Ground Weapons Level 2 (Chrono Boost)  
  112  11:22  Colossus (Chrono Boost)  
  112  11:25  Stalker x2  
  122  11:59  Zealot x4  
  130  12:03  Colossus  
  130  12:12  Probe  
  137  12:17  Nexus  
  137  12:20  Pylon  
  137  12:22  Pylon  
  137  12:23  Probe  
  138  12:43  Zealot x3  
  138  12:44  Zealot  
  146  12:50  Colossus  
  152  13:03  Probe  
  153  13:06  Assimilator  
  153  13:10  Assimilator  
  153  13:13  Probe  
  140  13:24  Probe  
  133  13:30  Stalker x4  
  141  13:53  Stalker  
  141  13:54  Stalker x3  
Show
View Real Time Build Order
Export as new Build Order

Dutch Zerg 

Build Orders: Pool First 

Get SALT Encoding   

  12  0:01  Drone  
  13  0:08  Drone  
  14  0:27  Spawning Pool  
  13  0:30  Drone  
  13  0:32  Extractor  
  13  0:36  Drone  
  14  0:44  Overlord  
  14  1:10  Drone x3  
  17  1:27  Hatchery  
  16  1:39  Queen  
  18  1:47  Drone  
  19  1:54  Drone  
  20  2:04  Overlord  
  20  2:07  Drone  
  21  2:12  Extractor  
  21  2:13  Drone  
  21  2:22  Queen  
  23  2:26  Drone  
  24  2:40  Drone  
  24  2:43  Drone x2  
  27  2:53  Queen  
  27  2:55  Drone  
  27  2:56  Drone x2  
  32  3:18  Lair  
  32  3:25  Evolution Chamber  
  31  3:28  Evolution Chamber  
  31  3:32  Evolution Chamber  
  29  3:45  Drone x7  
  36  3:51  Overlord x2  
  36  4:11  Roach Warren  
  35  4:19  Extractor  
  35  4:20  Drone x3  
  35  4:22  Drone x3  
  39  4:24  Extractor  
  36  4:52  Glial Reconstitution  
  36  4:56  Overseer  
  36  4:59  Roach x6  
  52  5:00  Roach x2  
  52  5:09  Overlord  
  52  5:10  Overlord  
  52  5:14  Zerg Missile Weapons Level 1  
  52  5:35  Hydralisk Den  
  51  5:37  Drone x3  
  54  5:43  Drone x4  
  54  5:44  Drone  
  54  5:47  Overlord  
  59  5:50  Overlord  
  59  5:58  Zerg Ground Armor Level 1  
  59  6:03  Roach x2  
  63  6:20  Muscular Augments  
  63  6:22  Drone x3  
  63  6:23  Drone x2  
  68  6:32  Spore Crawler  
  67  6:33  Drone  
  67  6:36  Roach  
  67  6:37  Roach x4  
  78  6:52  Overlord x2  
  78  7:11  Roach x8  
  94  7:29  Overseer  
  94  7:35  Zerg Missile Weapons Level 2  
  94  7:40  Hydralisk  
  94  7:41  Hydralisk x2  
  100  7:46  Overlord x2  
  100  7:47  Overlord x3  
  70  8:20  Overseer  
  70  8:21  Overseer  
  70  8:27  Hydralisk x8  
  70  8:28  Hydralisk  
  70  8:33  Zerg Ground Armor Level 2  
  88  8:42  Infestation Pit  
  88  8:45  Roach x3  
  73  9:03  Roach  
  73  9:04  Roach x7  
  89  9:37  Hatchery  
  89  9:38  Queen  
  90  9:40  Hydralisk x6  
  90  9:41  Extractor  
  90  9:42  Extractor  
  102  9:52  Drone  
  103  9:53  Drone x2  
  103  10:00  Hive  
  61  10:36  Drone x3  
  61  10:39  Hydralisk x8  
  61  10:40  Hydralisk  
  82  10:58  Drone x2  
  82  10:59  Drone  
  82  11:01  Drone x5  
  90  11:22  Pneumatized Carapace  
  90  11:30  Spire  
  89  11:45  Drone x3  
  89  11:46  Drone x4  
  96  11:56  Spore Crawler  
  95  12:31  Hydralisk x10  
  95  12:32  Hydralisk x3  
  121  12:38  Overlord  
  121  12:39  Overlord x5  
  101  12:53  Corruptor x5  
  101  12:54  Corruptor  
  48  13:33  Roach x2  
  48  13:34  Roach  
Tags
 
Add a new tag
Caveats
  • Supply blocks, unpowered buildings, or Contaminate may cause inaccurate times.
  • Supply counts are checked every 10 seconds.